 Dungeon Crawl Stone Soup version 0.19-a0-1513-gf6d23ed (webtiles) character file.

14 jacquesderrida the Shooter (level 2, 0/14 HPs)
             Began as a Vine Stalker Wanderer on Sept 12, 2016.
             Succumbed to an adder's poison
             ... on level 2 of the Dungeon.
             The game lasted 00:01:17 (319 turns).

jacquesderrida the Shooter (Vine Stalker Wanderer)   Turns: 319, Time: 00:01:18

Health: 0/14       AC:  5    Str: 14    XL:     2   Next: 41%
Magic:  4/4        EV: 10    Int: 13    God:
Gold:   34         SH:  0    Dex: 12    Spells: 0 memorised, 3 levels left

rFire  . . .     SeeInvis .       - Unarmed
rCold  . . .     Gourm    .     h - +0 ring mail
rNeg   . . .     Faith    .     (no shield)
rPois  .         Spirit   +     (no helmet)
rElec  .         Dismiss  .     (no cloak)
rCorr  .         Reflect  .     (no gloves)
MR     .....     Harm     .     (no boots)
Stlth  +.........               (no amulet)
                                (no ring)
                                (no ring)

@: lethally poisoned (0 -> -10)
A: fangs 2, magic shield, antimagic bite, no device heal 3, rot immunity
a: no special abilities


You were on level 2 of the Dungeon.
You were not hungry.

You visited 1 branch of the dungeon, and saw 2 of its levels.

You collected 34 gold pieces.

Inventory:

Hand Weapons
 e - a +0 club
Armour
 d - a +0 robe
 h - a +0 ring mail (worn)
Scrolls
 c - a scroll of identify {unknown}
Potions
 g - a potion of ambrosia {unknown}
 i - a potion of curing {unknown}
Books
 a - a Young Poisoner's Handbook

   Spells                             Type                      Level
   a - Sting                          Conjuration/Poison           1
   b - Mephitic Cloud                 Conjuration/Poison/Air       3
   c - Olgreb's Toxic Radiance        Poison                       4
   d - Alistair's Intoxication        Transmutation/Poison         5
   e - Venom Bolt                     Conjuration/Poison           5
 b - the Grimoire of the Blaze

   Spells                             Type                      Level
   a - Flame Tongue                   Conjuration/Fire             1
   b - Conjure Flame                  Conjuration/Fire             3
Comestibles
 f - a bread ration


   Skills:
 + Level 1.5 Fighting
   Level 2.6 Bows
 - Level 1.0 Armour
 - Level 1.2 Stealth
   Level 1.0 Shields
 * Level 1.3 Unarmed Combat
 - Level 1.1 Spellcasting
   Level 2.0 Poison Magic


You had 3 spell levels left.
You didn't know any spells.

Dungeon Overview and Level Annotations

Branches:
Dungeon (2/15)

Altars:


Innate Abilities, Weirdness & Mutations

You have extremely sharp teeth.
When hurt, damage is shared between your health and your magic reserves.
Your bite disrupts and absorbs the magic of your enemies.
Potions and wands cannot restore your health.
You are immune to rotting.


Message History

The adder is moderately wounded.
The adder bites you.
* * * LOW HITPOINT WARNING * * *
You closely miss the adder. You bite the adder. You drain its power.
You feel invigorated.
The adder is heavily wounded.
The adder bites you.
You are lethally poisoned!
The adder poisons you!
You barely miss the adder.
The adder is heavily wounded.
* * * LOW HITPOINT WARNING * * *
You feel sick. The adder closely misses you. The adder barely misses you.
You closely miss the adder.
The adder is heavily wounded.
The adder misses you.
You closely miss the adder. You bite the adder. You drain its power.
You feel invigorated.
The adder is severely wounded.
You die...

♣. ... ♣♣♣♣...♣
♣.♣♣♣♣....♣
♣..S@.♣♣ ♣♣♣♣..(♣
♣♣♣♣
♣♣...♣♣♣♣♣♣♣♣♣♣♣...
♣.....)....♣♣...♣♣.
♣..♣♣♣♣♣♣♣....♣♣♣♣♣
....♣♣ ♣♣♣♣♣♣ ♣♣♣♣♣
####### #<....#####


You could see an adder.

Vanquished Creatures
  A worm (D:1)
  2 bats (D:1)
  2 hobgoblins
  4 kobolds
  A giant newt (D:1)
  A rat (D:1)
11 creatures vanquished.

Notes
Turn   | Place    | Note
-------+----------+-------------------------------------------
     0 | D:1      | jacquesderrida the Vine Stalker Wanderer began the quest for the Orb.
     0 | D:1      | jacquesderrida set off with: a Young Poisoner's Handbook, the Grimoire of the Blaze, a potion of lignification, a +0 robe, a +0 club, a bread ration
     0 | D:1      | Reached XP level 1. HP: 10/10 MP: 3/3
   104 | D:1      | Reached XP level 2. HP: 10/14 MP: 4/4
   125 | D:1      | Reached skill level 1 in Unarmed Combat
   319 | D:2      | Succumbed to an adder's poison

Vault maps used:
D:1:      dpeg_arrival_brainrot, kennysheep_minor_cross
D:2:      kb_forest_paths, uniq_terence

Skill      XL: |  1  2 |
---------------+-------+-----
Unarmed Combat | 1 |  1.3
Fighting       | |  1.5
Bows           | |  2.6
Armour         | |  1.0
Stealth        | |  1.2
Shields        | |  1.0
Spellcasting   | |  1.1
Poison Magic   | |  2.0

Action                   || total
-------------------------++-------
Melee: Unarmed           ||    64
       Bite              ||    11
       Club              ||     2
  Use: Potion            ||     1
 Stab: Sleeping          ||     1
Armor: Robe              ||    15
       Skin              ||     4
       Ring mail         ||     8
Dodge: Dodged            ||    30
